 Dungeon Crawl Stone Soup version 0.29-a0-839-g4793fd635e (webtiles) character file.

Game seed: 5095209110531701897

7833 Malachi the Fighter (level 10, -5/211 HPs)
             Began as a Demigod Ice Elementalist on July 14, 2022.
             Slain by a death yak (14 damage)
             ... on level 9 of the Dungeon.
             The game lasted 00:16:15 (14055 turns).

Malachi the Fighter (Demigod Ice Elementalist)     Turns: 14055, Time: 00:16:16

Health: -5/211     AC: 35    Str:  9    XL:     10   Next: 71%
Magic:  5/26       EV:  2    Int: 35    God:
Gold:   442        SH:  0    Dex: 14    Spells: 19/26 levels left

rFire   . . .      SeeInvis .   c - +3 hand axe (elec)
rCold   . . .      Faith    .   y - orb {*Rage}
rNeg    . . .      Spirit   .   (body armour currently unavailable)
rPois   +          Reflect  .   (helmet currently unavailable)
rElec   .          Harm     .   (cloak currently unavailable)
rCorr   .          Rampage  .   (gloves currently unavailable)
Will    +....      Rage     20% (boots currently unavailable)
Stlth   .......... NoTele   +   (no amulet)
HPRegen 0.45/turn               f - +6 ring of intelligence
MPRegen 0.20/turn               d - ring of flight

@: brilliant, berserking, ice-armoured, tree-form, hasted, very quick
A: stationary, stasis, torment immunity, boosted hp, high MP 1, forlorn, divine
attributes
a: no special abilities


You were on level 9 of the Dungeon.
You were a tree.
You visited 1 branch of the dungeon, and saw 9 of its levels.
You also visited: Sewer.

You collected 442 gold pieces.

Inventory:

Hand Weapons
 c - a +3 hand axe of electrocution (weapon)
Armour
 i - a +2 hat (melded)
 y - an orb of wrath (worn)
 A - +0 steam dragon scales (melded)
Jewellery
 d - a ring of flight (right branch)
 f - a +6 ring of intelligence (left branch)
Wands
 a - a wand of iceblast (14)
 w - a wand of quicksilver (8)
 z - a wand of polymorph (4)
Scrolls
 n - 4 scrolls of teleportation
 o - 2 scrolls of torment
 p - a scroll of fog
 q - 6 scrolls of enchant armour
 t - 4 scrolls of fear
 u - 3 scrolls of poison
 x - 2 scrolls of amnesia
 B - 2 scrolls of enchant weapon
 C - 2 scrolls of magic mapping
Potions
 b - 3 potions of magic
 e - 2 potions of resistance
 g - a potion of haste
 j - 2 potions of brilliance
 k - a potion of cancellation {unknown}
 l - a potion of curing {unknown}
 m - 2 potions of heal wounds {unknown}
 r - a potion of degeneration {unknown}
 s - 3 potions of attraction {unknown}
 v - 2 potions of mutation {unknown}


   Skills:
 * Level 10.5 Fighting
 - Level 0.2 Axes
 - Level 1.7 Dodging
 - Level 1.7 Stealth
 - Level 8.6 Spellcasting
 - Level 8.0 Ice Magic


You had 19 spell levels left.
You knew the following spells:

 Your Spells              Type           Power      Damage    Failure   Level
a - Freeze                Ice            100%       1d11      1%          1
b - Frozen Ramparts       Ice            100%       1d12      1%          3
c - Ozocubu's Armour      Ice            82%        N/A       1%          3

Your spell library contained the following spells:

 Spells                   Type           Power      Damage    Failure   Level
 Apportation              Tloc           44%        N/A       3%          1
 Necrotise                Necr           88%        1d8       3%          1
 Summon Small Mammal      Summ           88%        N/A       3%          1
 Hailstorm                Conj/Ice       59%        3d13      5%          4
 Inner Flame              Hex/Fire       22%        N/A       9%          3
 Metabolic Englaciation   Hex/Ice        29%        N/A       16%         5
 Cause Fear               Hex            11%        N/A       28%         4
 Simulacrum               Ice/Necr       29%        N/A       65%         6
 Discord                  Hex            11%        N/A       100%        8


Dungeon Overview and Level Annotations

Branches:
Dungeon (9/15)             Temple (0/1) D:6             Orc (0/2) D:9
  Sewer (visited)
   Lair: D:8-11


Innate Abilities, Weirdness & Mutations

You are a tree.
Your roots penetrate the ground, keeping you stationary.
You cannot be teleported.
You are immune to unholy pain and torment.
Your maximum health is greatly increased.
Your equipment is partially melded.
You have an increased reservoir of magic. (+10% MP)
You shall have no god before yourself.
Your divine heritage dramatically boosts your attributes as you level up.


Message History

You hit the death yak.
The death yak is severely wounded.
You hit the death yak.
The death yak is severely wounded.
The wall freezes the death yak!
The death yak gores you but does no damage.
The wall freezes the death yak.
An orc comes into view.
It is wielding a +2 flail of holy wrath.
The wall freezes the orc warrior!
You kill the orc warrior!
Unknown command.
You barely miss the death yak.
The death yak is almost dead.
The orc shouts!
You hear a shout!
The wall freezes the death yak. x2
The death yak gores you but does no damage.
You hit the death yak but do no damage.
The death yak is almost dead.
The frozen ramparts melt away.
The death yak gores you!
* * * LOW HITPOINT WARNING * * *
You hit the death yak but do no damage.
The death yak is almost dead.
The death yak gores you but does no damage.
The orc wizard mumbles some strange words.
The orc wizard flickers and vanishes!
Deactivating autopickup; reactivate with Ctrl-A.
A red film seems to cover your vision as you go berserk!
You feel yourself moving faster!
You feel mighty!
You barely miss the death yak.
The death yak is almost dead.
Unknown command.
You slash the death yak!
The death yak is almost dead.
The death yak gores you but does no damage.
You slash the death yak!
You kill the death yak!
You slash the death yak!
The death yak is heavily wounded.
The death yak gores you!
You die...

#...'.#...# #.#
#...#.#...# #.#
#...#.#...# #..
#.....#...# ####
####.##..)## #... .
#.##....###... ...
#.#.....'.'...
....)######.#.....###...
....o.Y♣....#.....###<..
..#..########...#.##....
# ........+....
###.#...##(...
#.#...##....
#.#...##.... #.... ####+


You could see a death yak and an orc.

Vanquished Creatures
  A two-headed ogre (D:9)
  5 death yaks (D:9)
  Prince Ribbit (D:6)
  A wyvern (D:9)
  Eustachio (D:5)
  3 steam dragons
  3 water moccasins
  7 orc warriors
  2 ice beasts (D:7)
  2 sky beasts
  A black bear (D:8)
  2 ogres
  2 centaurs
  A phantom (D:5)
  2 kobold brigands (Sewer)
  2 necrophages
  4 bullfrogs
  2 gnoll sergeants
  3 howler monkeys (D:7)
  5 hounds
  4 jellies
  A gnoll bouda (D:6)
  2 orc priests (D:8)
  3 iguanas
  6 orc wizards
  10 gnolls (D:6)
  7 adders
  2 river rats (Sewer)
  A shadow imp (D:8)
  A white imp (D:7)
  2 ufetubi
  3 dart slugs
  A worm (D:2)
  43 orcs
  9 endoplasms
  4 giant cockroaches
  12 hobgoblins
  9 quokkas
  11 ball pythons
  6 bats
  5 frilled lizards
  2 goblins
  21 kobolds
  20 rats
235 creatures vanquished.

Vanquished Creatures (others)
  An orc (D:8)
1 creature vanquished.

Grand Total: 236 creatures vanquished

Notes
Turn   | Place    | Note
-------+----------+-------------------------------------------
     0 | D:1      | Malachi the Demigod Ice Elementalist began the quest for
                  | the Orb.
     0 | D:1      | Reached XP level 1. HP: 14/14 MP: 5/5
   560 | D:1      | Reached XP level 2. HP: 14/20 MP: 5/7
  1560 | D:1      | Reached XP level 3. HP: 26/26 MP: 8/10
  1931 | D:1      | Learned a level 3 spell: Frozen Ramparts
  1935 | D:1      | Learned a level 3 spell: Ozocubu's Armour
  3120 | D:3      | Found a glowing drain.
  3151 | Sewer    | Entered a sewer
  3251 | Sewer    | Noticed a kobold brigand
  3261 | Sewer    | HP: 1/26 [kobold brigand/+0 dagger (3)]
  3262 | Sewer    | Killed a kobold brigand
  3263 | Sewer    | Reached XP level 4. HP: 2/33 MP: 7/13
  3582 | Sewer    | Reached XP level 5. HP: 13/38 MP: 4/15
  4277 | Sewer    | Reached skill level 5 in Spellcasting
  5134 | D:3      | You are sucked into a shaft and drop 1 floor!
  5577 | D:4      | Reached XP level 6. HP: 44/45 MP: 13/17
  6264 | D:5      | Entered Level 5 of the Dungeon
  6422 | D:5      | Noticed Eustachio
  6450 | D:5      | Killed Eustachio
  6451 | D:5      | Reached skill level 5 in Ice Magic
  6451 | D:5      | Reached XP level 7. HP: 36/50 MP: 5/19
  8263 | D:6      | Noticed Prince Ribbit
  8267 | D:6      | Reached XP level 8. HP: 43/57 MP: 7/22
  8279 | D:6      | Killed Prince Ribbit
  8423 | D:6      | Found a staircase to the Ecumenical Temple.
 10196 | D:7      | Reached XP level 9. HP: 25/62 MP: 7/25
 10775 | D:7      | Reached skill level 1 in Fighting
 10781 | D:7      | Reached skill level 2 in Fighting
 11139 | D:7      | Reached skill level 3 in Fighting
 11655 | D:8      | Reached skill level 4 in Fighting
 11998 | D:8      | Reached skill level 5 in Fighting
 12631 | D:8      | Reached skill level 6 in Fighting
 13172 | D:9      | Noticed a two-headed ogre
 13182 | D:9      | Killed a two-headed ogre
 13315 | D:9      | Reached skill level 7 in Fighting
 13367 | D:9      | Reached XP level 10. HP: 32/86 MP: 15/26
 13793 | D:9      | Found a staircase to the Orcish Mines.
 14021 | D:9      | Noticed a death yak
 14021 | D:9      | Noticed a death yak
 14028 | D:9      | Noticed a death yak
 14031 | D:9      | Killed a death yak
 14031 | D:9      | Noticed a death yak
 14032 | D:9      | Reached skill level 8 in Fighting
 14032 | D:9      | Noticed a death yak
 14036 | D:9      | Noticed a death yak
 14037 | D:9      | Killed a death yak
 14038 | D:9      | Reached skill level 9 in Fighting
 14041 | D:9      | Killed a death yak
 14045 | D:9      | Killed a death yak
 14046 | D:9      | Reached skill level 10 in Fighting
 14050 | D:9      | HP: 5/139 [death yak (12)]
 14054 | D:9      | Killed a death yak
 14055 | D:9      | Slain by a death yak

Illustrated notes

Levels and vault maps discovered:
D:1:      dpeg_arrival_court, layout_basic, minmay_pentomino_p4
D:2:      layout_basic, hellmonk_ecumenical_altar_run_dry, minmay_distorted
D:3:      layout_basic, mainiacjoe_overflow_tiny_flanked,
          yredelemnul_altar_generic, portal_sewer_entry_f
D:4:      layout_basic, xom_butterflies, mainiacjoe_overflow_24_doors,
          nicolae_overflow_hidden_temple, due_unseen_surprise
D:5:      layout_loops_corners, minmay_strange_pillars, minmay_liquid_box,
          uniq_eustachio
D:6:      layout_basic, temple_green, uniq_prince_ribbit1
D:7:      minmay_s_stair_smasher, layout_layer_cave
D:8:      layout_basic, grunt_temple_overflow_open, vehumet_crystals,
          minivault_23, kennysheep_generic_room_8
D:9:      minmay_chambers_of_sixes, layout_basic, dpeg_lair_monsters,
          hiddenorc2_lemuel, uniq_grum

Skill      XL: |  1  2  3  4  5  6  7  8  9 10 |
---------------+-------------------------------+-----
Spellcasting   | 2 3 4 5 7 8 |  8.6
Ice Magic      | 4 5 6 7 8 |  8.0
Fighting       | 7 10 | 10.5
Axes           | |  0.2
Dodging        | |  1.7
Stealth        | |  1.7

Action                   |  1- 3 |  4- 6 |  7- 9 | 10-12 || total
-------------------------+-------+-------+-------+-------++-------
Melee: Hand axe          |    36 |    40 |    48 |    14 ||   138
       Unarmed           |     1 |       |       |       ||     1
       Punch             |       |     1 |     1 |       ||     2
 Cast: Freeze            |    70 |    50 |   112 |    44 ||   276
       Frozen Ramparts   |     2 |     9 |    28 |     9 ||    48
       Ozocubu's Armour  |       |     3 |    20 |     4 ||    27
  Use: Scroll            |     3 |     6 |     4 |       ||    13
       Potion            |       |       |       |     3 ||     3
 Stab: Sleeping          |     1 |       |       |       ||     1
Armor: Robe              |    19 |    17 |    33 |       ||    69
       Steam dragon scal |       |       |    32 |     8 ||    40
       Skin              |       |       |       |     5 ||     5
Dodge: Dodged            |    58 |    68 |   121 |    18 ||   265

Table legend: (Time is in decaauts)
 A = Elapsed time spent in this place.
 B = Non-inter-level travel time spent in this place.
 C = Inter-level travel time spent in this place.
 D = Time resting spent in this place.
 E = Time spent auto-exploring this place.
 F = Levels seen in this place.
 G = Mean time per level.
                   A        B        C        D        E       F      G
               +--------+--------+--------+--------+--------+-----+--------+
         Total |  14143 |  13596 |    547 |   2393 |   9568 |  10 | 1414.3 |
       Dungeon |  12535 |  11988 |    547 |   1408 |   9182 |   9 | 1392.8 |
         Sewer |   1607 |   1607 |      0 |    985 |    386 |   1 | 1607.0 |
               +--------+--------+--------+--------+--------+-----+--------+

Top non-repeatable levels by time:
     D:1: 1940 daAuts
     D:6: 1933 daAuts
     D:7: 1916 daAuts
   Sewer: 1607 daAuts
     D:5: 1490 daAuts
     D:8: 1406 daAuts
     D:2: 1147 daAuts
     D:9: 1022 daAuts
     D:4: 921 daAuts
     D:3: 758 daAuts
